 Dungeon Crawl Stone Soup version 0.30-a0-591-g3c58d2bc28 (webtiles) character file.

Game seed: 16398557179581752610

903 brightshaft the Slasher (level 7, -12/58 HPs)
             Began as a Demigod Gladiator on Jan 6, 2023.
             Mangled by an orc warrior
             ... wielding a +0 dire flail
              (14 damage)
             ... on level 6 of the Dungeon.
             The game lasted 00:09:07 (4559 turns).

brightshaft the Slasher (Demigod Gladiator)         Turns: 4559, Time: 00:09:08

Health: -12/58     AC: 10    Str: 14 (15) XL:     7   Next: 50%
Magic:  9/9        EV: 11    Int:  7 (10) God:
Gold:   184        SH:  0    Dex: 22 (23) Spells: 6/6 levels left

rFire   . . .      SeeInvis .    D - +4 scimitar
rCold   . . .      Faith    .    (no shield)
rNeg    . . .      Spirit   .    v - +0 scale mail
rPois   .          Reflect  .    c - +0 helmet
rElec   .          Harm     .    B - +1 cloak {rCorr}
rCorr   +          Rampage  .    (no gloves)
Will    .....                    (no boots) Stlth
                                 (no amulet)
HPRegen 0.29/turn                (no ring)
MPRegen 0.11/turn                (no ring)

@: no status effects
A: high MP 1, forlorn, divine attributes
a: no special abilities


You were on level 6 of the Dungeon.
You visited 1 branch of the dungeon, and saw 6 of its levels.

You collected 184 gold pieces.

Inventory:

Hand Weapons
 a - a +0 long sword of flaming
 b - a +2 dagger of venom
 D - a +4 scimitar (weapon)
Missiles
 d - 2 throwing nets (quivered)
 e - 5 javelins
Armour
 c - a +0 helmet (worn)
 l - a +0 leather armour
 o - a +0 ring mail
 t - a +0 chain mail
 v - a +0 scale mail (worn)
 B - a +1 cloak of preservation (worn)
Jewellery
 u - a ring of wizardry
Wands
 s - a wand of flame (7) {@v2}
Scrolls
 h - 3 scrolls of identify {@r1}
 w - 2 scrolls of teleportation {@r4}
 x - a scroll of enchant weapon {unknown}
 y - 2 scrolls of torment
Potions
 f - 2 potions of brilliance {unknown}
 g - a potion of heal wounds {unknown}
 i - 2 potions of flight
 j - a potion of ambrosia {unknown}
 k - a potion of cancellation
 m - 2 potions of lignification {unknown}
 n - a potion of attraction {unknown}
 p - a potion of invisibility {unknown}
 q - a potion of curing {unknown}
 r - 2 potions of degeneration
 z - 2 potions of haste {unknown}
 A - a potion of berserk rage {unknown}


   Skills:
 + Level 3.7 Fighting
 * Level 5.6 Long Blades
 - Level 3.0 Throwing
 + Level 3.2 Armour
 + Level 4.3 Dodging


You had 6 spell levels left.
You didn't know any spells.
Your spell library was empty.

Dungeon Overview and Level Annotations

Branches:
Dungeon (6/15)
 Temple: D:4-7


Innate Abilities, Weirdness & Mutations

You have an increased reservoir of magic. (+10% MP)
You shall have no god before yourself.
Your divine heritage dramatically boosts your attributes as you level up.


Message History

The orc wizard mumbles some strange words.
The orc wizard flickers and vanishes!
Deactivating autopickup; reactivate with Ctrl-A.
The orc warrior shoots a bolt.
The bolt closely misses you.
You slash the orc!
You kill the orc!
You hear some strange, mumbled words.
A magic dart appears from out of thin air!
The magic dart hits you but does no damage.
You hear some strange, mumbled words.
You are confused.
The orc warrior unwields a +0 arbalest.
The orc warrior wields a +0 dire flail.
The orc warrior hits you with a +0 dire flail.
You are too confused!
You are too confused!
You are too confused!
You are too confused!
You slash something! Something completely misses you.
The orc warrior hits you with a +0 dire flail.
You slash something!
Reactivating autopickup.
You feel a bit more experienced.
The orc warrior hits you with a +0 dire flail!
The orc warrior unwields a +0 dire flail.
The orc warrior wields a +0 arbalest.
The orc warrior shoots a bolt.
The bolt hits you!
You see here a scroll labelled MITHUL OQODYTZ.
The orc warrior shoots a bolt.
The bolt hits you!
* * * LOW HITPOINT WARNING * * *
The orc warrior shoots a bolt.
The bolt barely misses you.
You feel less confused.
The orc warrior unwields a +0 arbalest.
The orc warrior wields a +0 dire flail.
The orc warrior hits you with a +0 dire flail!
* * * LOW HITPOINT WARNING * * *
It was a potion of degeneration.
There was something very wrong with that liquid.
You feel weakened.
You feel dopey.
You feel clumsy.
It was a potion of cancellation.
You feel magically purged.
The orc warrior hits you with a +0 dire flail!
You die...

############
##..........##
##..........$.##
#..............#
#..............#
#..............#
#......@o......#
#......).......#
##......?)$...##
##..........##
#.####.##### ##.
##.# #.. #..#
#.####.##
#.##...#


You could see an orc warrior.

Vanquished Creatures
  A black bear (D:4)
  An ogre (D:5)
  2 phantoms
  2 scorpions (D:5)
  2 wights
  A howler monkey (D:6)
  Crazy Yiuf (D:4)
  Terence (D:2)
  2 iguanas
  An orc wizard (D:6)
  Robin (D:4)
  6 adders
  A shadow imp (D:5)
  2 white imps
  An ufetubus (D:6)
  2 dart slugs
  7 orcs
  6 ball pythons
  10 endoplasms
  4 giant cockroaches
  10 hobgoblins
  4 jackals (D:3)
  3 quokkas
  4 bats
  4 frilled lizards
  14 goblins
  4 kobolds
  10 rats
107 creatures vanquished.

Vanquished Creatures (others)
  A fungus (D:4)
1 creature vanquished.

Grand Total: 108 creatures vanquished

Notes
Turn   | Place    | Note
-------+----------+-------------------------------------------
     0 | D:1      | brightshaft the Demigod Gladiator began the quest for the
                  | Orb.
     0 | D:1      | Reached XP level 1. HP: 17/17 MP: 3/3
   153 | D:1      | Reached XP level 2. HP: 17/24 MP: 4/4
   309 | D:1      | Reached skill level 3 in Long Blades
   705 | D:2      | Reached XP level 3. HP: 25/29 MP: 5/5
   743 | D:2      | Noticed Terence
   759 | D:2      | Killed Terence
   760 | D:2      | Reached skill level 1 in Armour
   895 | D:2      | You fall into a shaft and drop 2 floors!
   930 | D:4      | Noticed a black bear
   939 | D:4      | Killed a black bear
   940 | D:4      | Reached XP level 4. HP: 24/37 MP: 6/6
  1031 | D:3      | Reached XP level 5. HP: 41/42 MP: 7/7
  1162 | D:3      | Found a large runed translucent door.
  1163 | D:3      | Found a large runed translucent door.
  1906 | D:2      | Reached skill level 4 in Long Blades
  1953 | D:2      | Found the +5 robe of Misfortune {Harm *Corrode *Slow EV+5}
  2261 | D:4      | Noticed Robin
  2310 | D:4      | Killed Robin
  2518 | D:4      | Found a runed translucent door.
  2519 | D:4      | Noticed Crazy Yiuf
  2528 | D:4      | Killed Crazy Yiuf
  3016 | D:4      | Reached XP level 6. HP: 38/50 MP: 8/8
  3207 | D:5      | Entered Level 5 of the Dungeon
  3997 | D:5      | Reached skill level 5 in Long Blades
  4131 | D:5      | Reached XP level 7. HP: 46/57 MP: 9/9
  4557 | D:6      | HP: 2/58 [orc warrior/+0 dire flail (9)]
  4559 | D:6      | Mangled by an orc warrior

Illustrated notes

Levels and vault maps discovered:
D:1:      dpeg_arrival_rooms_with_view, layout_basic, serial_bayou_pond_e
D:2:      layout_rooms, shapermc_ecumenical_altar_mp_vishouse, minmay_3d_cube,
          uniq_terence
D:3:      layout_loops_ring, mainiacjoe_overflow_divided_tiny,
          jmf_multi_god_temple2, serial_forest, infiniplex_forest_clump_small,
          infiniplex_forest_straight_1, infiniplex_forest_lined_room_,
          infiniplex_forest_clump_long, infiniplex_forest_lined_2,
          infiniplex_forest_clump_large, infiniplex_forest_straight_4,
          infiniplex_forest_end_1, amcnicky_mini_rare_corridor_liquid
D:4:      layout_loops_ring, uniq_crazy_yiuf_cottage, uniq_robin
D:5:      layout_gridville, mainiacjoe_overflow_catwalk_spiral
D:6:      layout_rooms, bh_walls_and_bars

Skill      XL: |  1  2  3  4  5  6  7 |
---------------+----------------------+-----
Throwing       | 2 3 |  3.0
Fighting       | 2 3 |  3.7
Long Blades    | 3 4 5 |  5.6
Armour         | 1 2 3 |  3.2
Dodging        | 3 4 |  4.3

Action                   |  1- 3 |  4- 6 |  7- 9 || total
-------------------------+-------+-------+-------++-------
Melee: Long sword        |    66 |    41 |     2 ||   109
       Dagger            |    35 |   197 |    11 ||   243
       Punch             |     1 |     1 |     2 ||     4
       Scimitar          |       |       |    30 ||    30
Throw: Throwing net      |       |       |     1 ||     1
  Use: Scroll            |     1 |     7 |     2 ||    10
       Potion            |       |       |     2 ||     2
 Stab: Distracted        |     1 |       |       ||     1
       Sleeping          |     1 |       |       ||     1
       Held in net/web   |       |       |     1 ||     1
Armor: Leather armour    |    26 |       |       ||    26
       Ring mail         |     5 |     4 |       ||     9
       Scale mail        |       |    61 |     8 ||    69
       Chain mail        |       |    22 |       ||    22
Dodge: Dodged            |    76 |    99 |    23 ||   198

Table legend: (Time is in decaauts)
 A = Elapsed time spent in this place.
 B = Non-inter-level travel time spent in this place.
 C = Inter-level travel time spent in this place.
 D = Time resting spent in this place.
 E = Time spent auto-exploring this place.
 F = Levels seen in this place.
 G = Mean time per level.
                   A        B        C        D        E       F      G
               +--------+--------+--------+--------+--------+-----+--------+
         Total |   4552 |   4374 |    178 |      0 |   3492 |   6 |  758.7 |
       Dungeon |   4552 |   4374 |    178 |      0 |   3492 |   6 |  758.7 |
               +--------+--------+--------+--------+--------+-----+--------+

Top non-repeatable levels by time:
     D:5: 1121 daAuts
     D:4: 1061 daAuts
     D:3: 897 daAuts
     D:1: 675 daAuts
     D:2: 568 daAuts
     D:6: 228 daAuts
